 Dungeon Crawl Stone Soup version 0.31.0-11-ge490571c62 (webtiles) character file.

Game seed: 9175740196766130319

677 SmokeWeed the Skirmisher (level 7, 0/43 HPs)
             Began as a Kobold Hunter on Feb 3, 2024.
             Succumbed to a water moccasin's poison
             ... on level 5 of the Dungeon.
             The game lasted 00:08:31 (4357 turns).

SmokeWeed the Skirmisher (Kobold Hunter)            Turns: 4357, Time: 00:08:32

Health: 0/43       AC:  9    Str:  7 (9)  XL:     7   Next: 91%
Magic:  7/7        EV: 10    Int:  7 (10) God:
Gold:   1090       SH:  0    Dex: 19 (20) Spells: 6/6 levels left

rFire   + . .        a - +0 shortbow
rCold   + + .        (shield currently unavailable)
rNeg    . . .        d - +0 scale mail
rPois   +            (no helmet)
rElec   +            r - +0 cloak
rCorr   +            o - +0 pair of gloves
SInv    .            (no boots)
Will    +....        (no amulet)
Stlth   ++           h - ring of protection from cold
HPRegen 0.27/turn    (no ring)
MPRegen 0.10/turn

%: no passive effects
@: mighty, brilliant, lethally poisoned (0 -> -3), resistant, enlightened,
flying, invisible
A: small, no large weapons, nightstalker 3
a: no special abilities


You were on level 5 of the Dungeon.
You visited 1 branch of the dungeon, and saw 5 of its levels.

You collected 1090 gold pieces.

Inventory:

Hand Weapons
 a - a +0 shortbow (weapon)
Missiles
 n - 3 poisoned darts
Armour
 c - a +0 leather armour
 d - a +0 scale mail (worn)
 j - a +0 chain mail
 o - a +0 pair of gloves (worn)
 q - an orb of light
 r - a +0 cloak (worn)
Jewellery
 h - a ring of protection from cold (left hand)
 m - a +4 ring of protection
 u - a +6 ring of dexterity
Wands
 b - a wand of quicksilver (8)
Scrolls
 f - 2 scrolls of enchant weapon
 g - 2 scrolls of identify


   Skills:
 + Level 4.2 Fighting
 + Level 9.6 Ranged Weapons
 + Level 2.8 Armour
 + Level 3.0 Dodging
 + Level 1.5 Stealth


You had 6 spell levels left.
You didn't know any spells.
Your spell library contained the following spells:

 Spells                   Type           Power      Damage    Failure   Level
 Slow                     Hex            0%         N/A       99%         1
 Confusing Touch          Hex            0%         N/A       100%        3
 Sigil of Binding         Hex            0%         N/A       100%        3
 Vampiric Draining        Necr           0%         2d6       100%        3
 Cause Fear               Hex            0%         N/A       100%        4
 Fireball                 Conj/Fire      0%         3d3       100%        5
 Dragon's Call            Summ           0%         N/A       100%        9


Dungeon Overview and Level Annotations

Branches:
Dungeon (5/15)
 Temple: D:4-7

Altars:
Ru

Annotations:
D:3 2 transporters, Gadfly's ghost, amateur DsMo


Innate Abilities, Weirdness & Mutations

You are small and have problems with some larger weapons.
You are completely attuned to the shadows.


Message History

You feel clever all of a sudden.
You feel sick. The water moccasin bites you.
You are lethally poisoned!
The water moccasin poisons you!
It was a potion of degeneration.
There was something very wrong with that liquid.
You feel weakened.
You feel dopey.
You feel clumsy.
* * * LOW HITPOINT WARNING * * *
You feel very sick.
The water moccasin bites you but does no damage.
It was a potion of enlightenment.
You feel very buoyant.
You fly up into the air.
* * * LOW HITPOINT WARNING * * *
You feel very sick.
The water moccasin completely misses you.
The water moccasin closely misses you.
It was a potion of might.
You feel very mighty all of a sudden.
* * * LOW HITPOINT WARNING * * *
You feel very sick. The water moccasin barely misses you.
It was a potion of resistance.
You feel protected.
* * * LOW HITPOINT WARNING * * *
You feel sick.
The water moccasin bites you but does no damage.
The water moccasin closely misses you.
It was a potion of invisibility.
You fade into invisibility!
* * * LOW HITPOINT WARNING * * *
You feel sick. The water moccasin barely misses you.
* * * LOW HITPOINT WARNING * * *
You feel sick.
You aren't carrying any potions.
Okay, then.
Unknown command.
* * * LOW HITPOINT WARNING * * *
You feel sick. The water moccasin barely misses you.
You die...

......#..............
.....†##.............
#....................
#............###.....
#............# #.....
#............###.....
.........<.............##...
.#.............................
..............@................
...............#...............
.....##......#S#......#........
............##.#......#...##...
.....#########.#..........###..
.....###### #.#....##....+....
.......#....#
#.#....##....###..
.............
..#....##.........
............. ......#......##.


You could see a water moccasin (unable to see you).

Vanquished Creatures
  Sigmund (D:4)
  A water moccasin (D:5)
  3 scorpions
  A howler monkey (D:3)
  A hound (D:5)
  A jelly (D:4)
  An iguana (D:4)
  5 adders
  4 dart slugs
  2 ribbon worms
  5 orcs
  3 endoplasms
  4 giant cockroaches
  10 goblins
  7 hobgoblins
  2 jackals (D:4)
  3 quokkas
  7 ball pythons
  9 bats
  6 frilled lizards
  4 kobolds
  2 rats (D:3)
82 creatures vanquished.

Notes
Turn   | Place    | Note
-------+----------+-------------------------------------------
     0 | D:1      | SmokeWeed the Kobold Hunter began the quest for the Orb.
     0 | D:1      | Reached XP level 1. HP: 12/12 MP: 1/1
   184 | D:1      | Reached XP level 2. HP: 17/17 MP: 2/2
   245 | D:1      | Reached skill level 6 in Ranged Weapons
   254 | D:1      | Identified a scroll of acquirement
   254 | D:1      | Acquired 946 gold pieces
   331 | D:1      | Reached XP level 3. HP: 21/21 MP: 3/3
  1161 | D:2      | Reached XP level 4. HP: 19/27 MP: 4/4
  1625 | D:3      | Reached skill level 7 in Ranged Weapons
  2117 | D:3      | Found a transporter.
  2137 | D:3      | Found a transporter.
  2137 | D:3      | Noticed Gadfly's ghost (amateur DsMo)
  2231 | D:3      | Identified the staff of Ancient Evil {^Drain rElec rC+
                  | Str-2 Conj Ice}
  2306 | D:3      | Reached XP level 5. HP: 32/32 MP: 5/5
  2523 | D:4      | Reached skill level 1 in Armour
  2649 | D:4      | Reached skill level 8 in Ranged Weapons
  2649 | D:4      | Reached XP level 6. HP: 37/37 MP: 6/6
  2674 | D:4      | Found a sacrificial altar of Ru.
  3317 | D:4      | Noticed Sigmund
  3583 | D:4      | Killed Sigmund
  3584 | D:4      | Reached skill level 9 in Ranged Weapons
  3584 | D:4      | Reached XP level 7. HP: 23/43 MP: 7/7
  3832 | D:5      | Entered Level 5 of the Dungeon
  3894 | D:5      | Noticed a water moccasin
  3901 | D:5      | Killed a water moccasin
  4340 | D:5      | Noticed a water moccasin
  4355 | D:5      | HP: 2/43 [poisoned by a water moccasin]
  4357 | D:5      | Succumbed to a water moccasin's poison

Illustrated notes

Levels and vault maps discovered:
D:1:      beargit_arrival_greenhouse, layout_basic, wad_floor_pattern_untrapped
D:2:      layout_loops_ring, minmay_misc_feat_five
D:3:      layout_basic, gammafunk_ghost_arena
D:4:      layout_loops_corners, mainiacjoe_overflow_24_doors, uniq_sigmund
D:5:      layout_basic, portal_sewer_entry_e, uniq_eustachio

Skill      XL: |  1  2  3  4  5  6  7 |
---------------+----------------------+-----
Ranged Weapons | 6 7 8 9 |  9.6
Fighting       | 3 4 |  4.2
Armour         | 1 2 |  2.8
Dodging        | 3 |  3.0
Stealth        | |  1.5

Action                     |  1- 3 |  4- 6 |  7- 9 || total
---------------------------+-------+-------+-------++-------
  Melee: Shortbow          |       |     1 |       ||     1
   Fire: Shortbow          |   111 |   135 |    41 ||   287
    Use: Scroll            |     4 |     6 |       ||    10
         Potion            |       |       |     6 ||     6
 Armour: Scale mail        |    50 |    61 |    29 ||   140
         Leather armour    |     3 |       |       ||     3
  Dodge: Dodged            |    48 |    45 |    45 ||   138
